Map: Ever Dream LE

Players

Namshar - Winner!

  • Race: Zerg Zerg
  • League: Grandmaster
  • Spawn Location: 1:00

Nina

  • Race: Protoss Protoss
  • League: Grandmaster
  • Spawn Location: 7:00

Event: DreamHack SC2 Masters 2020 Summer North America

VOD

Have the link to the VOD?

Description

Time

  • Played on: June 30, 2020, 7:08 p.m.
  • Length: 55:49

All games in this series

Show
View Real Time Build Order
Export as new Build Order

Namshar Zerg - Winner!

Build Orders: Hatch First 

Get SALT Encoding   

  12  0:00  Drone  
  13  0:12  Overlord  
  13  0:16  Drone  
  14  0:31  Drone x2  
  16  0:43  Drone  
  16  0:45  Drone  
  18  0:54  Hatchery  
  17  0:57  Drone  
  17  1:00  Extractor  
  17  1:12  Spawning Pool  
  17  1:15  Drone  
  17  1:18  Drone  
  18  1:28  Drone  
  19  1:38  Overlord  
  19  1:59  Queen  
  19  2:01  Metabolic Boost  
  21  2:02  Zergling x4  
  21  2:05  Queen  
  21  2:07  Zergling x2  
  26  2:12  Drone  
  27  2:18  Drone  
  28  2:23  Drone  
  28  2:28  Drone  
  30  2:36  Hatchery  
  29  2:39  Drone  
  29  2:41  Drone  
  31  2:52  Overlord  
  31  2:53  Drone  
  31  2:58  Queen  
  33  3:05  Zergling x4  
  35  3:06  Drone  
  35  3:12  Drone x3  
  39  3:13  Drone  
  40  3:22  Spore Crawler  
  40  3:24  Spore Crawler  
  38  3:31  Drone x4  
  42  3:38  Overlord  
  43  3:41  Drone  
  43  3:47  Spore Crawler  
  43  3:49  Drone x3  
  43  3:51  Spore Crawler  
  43  3:54  Queen  
  47  4:01  Drone x4  
  51  4:04  Drone  
  52  4:10  Drone  
  52  4:11  Drone  
  52  4:12  Overlord  
  52  4:14  Drone x2  
  55  4:22  Drone  
  55  4:23  Drone, Overlord  
  57  4:31  Drone x2  
  57  4:33  Zergling x6  
  62  4:41  Overlord x2  
  62  4:42  Drone x4  
  62  4:45  Roach Warren  
  65  4:48  Lair  
  65  4:51  Extractor  
  65  4:52  Overlord, Extractor  
  64  4:55  Drone x3  
  66  5:04  Drone x4  
  70  5:09  Drone  
  70  5:14  Queen  
  70  5:17  Drone x8  
  70  5:20  Extractor  
  79  5:22  Overlord  
  79  5:26  Roach x3  
  85  5:30  Drone x2  
  85  5:33  Evolution Chamber  
  85  5:34  Extractor  
  85  5:35  Extractor  
  85  5:36  Queen  
  85  5:44  Drone x7  
  90  5:52  Hatchery  
  90  5:56  Drone, Overlord  
  91  5:57  Drone  
  91  6:00  Zerg Melee Weapons Level 1  
  91  6:01  Glial Reconstitution, Hydralisk Den  
  91  6:04  Drone, Overlord  
  91  6:07  Pneumatized Carapace  
  91  6:10  Drone  
  92  6:12  Overseer  
  92  6:14  Overseer  
  92  6:16  Overlord x2  
  92  6:25  Baneling Nest  
  91  6:32  Queen  
  90  6:33  Drone x2  
  90  6:36  Drone  
  93  6:40  Drone  
  93  6:45  Grooved Spines  
  94  6:47  Hydralisk, Drone x2  
  94  6:48  Hydralisk x5  
  108  6:59  Roach  
  108  7:01  Hydralisk x5, Overlord  
  109  7:06  Queen  
  109  7:07  Unknown  
  120  7:08  Centrifical Hooks  
  120  7:15  Overlord  
  120  7:23  Hydralisk x5  
  130  7:31  Baneling  
  130  7:32  Baneling x3  
  130  7:38  Drone  
  130  7:39  Drone x6, Overlord  
  130  7:40  Overlord  
  130  7:42  Hydralisk x2  
  130  7:43  Hydralisk  
  143  7:52  Overlord x2  
  143  7:56  Muscular Augments  
  143  8:02  Drone x4  
  143  8:03  Drone  
  143  8:04  Hydralisk  
  143  8:05  Hydralisk x2  
  154  8:08  Zergling x6  
  157  8:13  Zergling x12  
  157  8:14  Hatchery  
  162  8:23  Overlord x2  
  162  8:24  Zerg Melee Weapons Level 2  
  162  8:26  Drone  
  162  8:28  Evolution Chamber  
  162  8:29  Infestation Pit  
  160  8:34  Zergling x2  
  160  8:35  Zergling x18  
  170  8:45  Baneling x11  
  170  8:48  Baneling x8  
  170  8:51  Hydralisk, Zergling x2  
  170  8:52  Zergling x12  
  178  8:59  Zerg Missile Weapons Level 1  
  178  9:07  Hydralisk  
  178  9:08  Zergling x22  
  178  9:23  Hive  
  179  9:24  Drone  
  179  9:26  Spire  
  179  9:28  Hydralisk  
  179  9:29  Zergling x22  
  191  9:31  Baneling x6  
  191  9:38  Zergling x10  
  186  9:45  Baneling x15  
  188  9:53  Overseer  
  188  9:58  Baneling  
  188  9:59  Baneling x6  
  187  10:03  Hydralisk  
  187  10:04  Zergling x18  
  185  10:20  Hydralisk  
  185  10:21  Zergling x28  
  181  10:36  Adrenal Glands  
  181  10:41  Overseer  
  181  10:42  Greater Spire  
  181  10:43  Zerg Melee Weapons Level 3  
  178  10:50  Baneling  
  178  10:51  Baneling x9  
  178  10:56  Hydralisk, Overlord  
  177  10:57  Zergling x18  
  176  11:15  Drone x12  
  176  11:16  Extractor  
  176  11:17  Extractor  
  186  11:22  Hydralisk  
  186  11:23  Zergling x20  
  183  11:26  Hydralisk  
  183  11:32  Corruptor x10  
  162  11:38  Hydralisk  
  162  11:39  Zergling x2  
  177  11:43  Baneling x17  
  177  11:46  Corruptor x4  
  185  11:55  Zerg Flyer Weapons Level 1  
  185  11:56  Zerg Missile Weapons Level 2  
  185  12:02  Hatchery  
  185  12:06  Hydralisk x2  
  185  12:07  Zergling x4  
  190  12:15  Zergling x2  
  189  12:24  Hydralisk, Zergling x8  
  184  12:34  Corruptor  
  174  12:41  Corruptor x4  
  174  12:42  Overlord x3  
  174  12:43  Overlord  
  174  12:52  Corruptor x4  
  174  12:54  Zergling x2  
  174  12:58  Baneling x2  
  182  13:04  Zergling x2  
  182  13:05  Zergling x30  
  198  13:11  Hatchery  
  197  13:13  Baneling x2  
  190  13:21  Burrow, Pathogen Glands  
  190  13:23  Baneling x14  
  190  13:24  Baneling x6  
  190  13:25  Drone x9  
  197  13:31  Spore Crawler  
  197  13:32  Spore Crawler  
  197  13:33  Spore Crawler  
  184  13:44  Corruptor x7  
  189  14:08  Hatchery  
  187  14:20  Zerg Flyer Weapons Level 2  
  187  14:22  Zerg Missile Weapons Level 3, Zerg Ground Armor Level 1  
  187  14:29  Spore Crawler  
  187  14:30  Spore Crawler x2  
  184  14:31  Spore Crawler x3  
  184  14:33  Spore Crawler  
  184  14:34  Viper x5  
  184  14:58  Spore Crawler  
  184  14:59  Spore Crawler x3  
  180  15:00  Spore Crawler x2  
  180  15:01  Extractor  
  180  15:02  Extractor  
  180  15:04  Spine Crawler x2  
  180  15:05  Spore Crawler  
  180  15:06  Spore Crawler  
  168  15:07  Spore Crawler x2  
  168  15:11  Spore Crawler  
  168  15:12  Brood Lord x4, Spore Crawler  
  168  15:13  Brood Lord x3  
  178  15:14  Overseer  
  178  15:15  Overseer x2  
  178  15:22  Drone x4  
  178  15:23  Drone, Spore Crawler  
  178  15:24  Spore Crawler  
  178  15:25  Spore Crawler x2  
  178  15:27  Spore Crawler  
  178  15:28  Drone x3, Spore Crawler  
  180  15:29  Spore Crawler  
  179  15:39  Corruptor x2  
  183  16:09  Brood Lord  
  185  16:16  Brood Lord  
  183  16:20  Corruptor x2  
  187  16:36  Zerg Flyer Armor Level 1  
  187  16:37  Spore Crawler  
  186  16:40  Corruptor x2  
  186  16:41  Spore Crawler  
  186  16:42  Spore Crawler  
  186  16:43  Spore Crawler  
  187  16:49  Drone x3  
  188  16:55  Drone x4  
  188  16:56  Drone x3  
  195  17:04  Spore Crawler x2  
  193  17:13  Corruptor  
  193  17:14  Corruptor x2  
  199  17:22  Spore Crawler  
  198  17:24  Brood Lord, Spore Crawler, Corruptor  
  198  17:25  Spore Crawler  
  198  17:26  Spore Crawler  
  198  17:27  Zerg Ground Armor Level 2  
  199  17:36  Spore Crawler  
  198  17:37  Spore Crawler x3  
  198  17:38  Spore Crawler x2  
  198  17:39  Drone x7  
  191  18:05  Overlord x2  
  191  18:11  Zergling x4  
  191  18:12  Overlord x2  
  193  18:27  Spore Crawler  
  193  18:28  Spore Crawler  
  193  18:29  Spore Crawler  
  193  18:30  Spore Crawler  
  185  18:43  Spore Crawler  
  185  18:44  Spore Crawler x4  
  185  18:45  Spore Crawler  
  168  18:50  Corruptor x10  
  168  18:54  Corruptor  
  168  18:55  Corruptor x4  
  174  19:04  Hydralisk, Zergling x12  
  177  19:12  Brood Lord  
  177  19:13  Viper  
  177  19:15  Viper  
  178  19:32  Baneling x2  
  178  19:33  Baneling x3  
  178  19:36  Drone  
  178  19:38  Drone x6  
  184  19:39  Viper x3  
  184  19:44  Drone  
  184  19:45  Drone  
  196  19:47  Baneling x4  
  196  19:51  Spore Crawler  
  195  19:53  Spore Crawler  
  195  19:54  Zerg Flyer Weapons Level 3  
  192  20:15  Corruptor  
  192  20:16  Corruptor x3  
  190  20:40  Overseer  
  190  20:42  Corruptor x2  
  190  20:43  Corruptor x2  
  190  20:48  Extractor  
  190  20:49  Extractor  
  196  20:52  Overseer x2  
  196  20:53  Overseer  
  196  20:57  Brood Lord  
  198  21:07  Spore Crawler, Spine Crawler  
  198  21:08  Overseer  
  198  21:09  Spine Crawler  
  198  21:10  Spine Crawler x2  
  188  22:03  Spore Crawler  
  188  22:06  Spore Crawler  
  188  22:07  Spore Crawler  
  188  22:08  Spore Crawler  
  180  22:09  Spore Crawler  
  175  22:22  Brood Lord x2  
  175  22:24  Corruptor x3  
  173  22:31  Zerg Flyer Armor Level 2  
  164  22:54  Brood Lord x2  
  168  23:02  Spore Crawler  
  168  23:03  Corruptor  
  168  23:04  Corruptor x2  
  173  23:07  Spore Crawler  
  173  23:08  Spore Crawler x3  
  167  23:24  Viper  
  167  23:25  Overlord  
  167  23:26  Overlord  
  170  23:37  Extractor  
  170  23:39  Drone  
  170  23:40  Drone x8  
  176  23:44  Drone x3  
  176  23:45  Drone x2  
  181  24:01  Corruptor x3  
  183  24:11  Brood Lord x2  
  183  24:16  Hatchery  
  176  24:26  Corruptor x4  
  176  24:37  Corruptor  
  176  24:38  Corruptor x2  
  175  24:43  Corruptor x3  
  175  24:44  Queen  
  179  24:50  Corruptor x6  
  190  24:59  Corruptor x2  
  180  25:00  Corruptor x6  
  178  25:11  Hydralisk x10  
  178  25:12  Zergling x18  
  180  25:16  Hydralisk, Zergling x2  
  171  25:25  Hydralisk, Zergling x2  
  171  25:26  Zergling x8  
  170  25:38  Zergling x16  
  165  25:44  Hydralisk  
  165  25:45  Zergling x8  
  154  25:53  Hydralisk  
  154  25:54  Zergling x6  
  154  25:57  Baneling x8  
  154  26:03  Hydralisk, Zergling x8  
  154  26:04  Zergling x2  
  154  26:08  Baneling x3  
  154  26:10  Baneling x4  
  150  26:14  Zergling x10  
  153  26:28  Hydralisk x2  
  153  26:29  Zergling x8  
  150  26:36  Hydralisk, Zergling x2  
  150  26:37  Zergling x2  
  150  26:49  Extractor  
  149  26:59  Brood Lord  
  149  27:01  Zergling x6  
  152  27:02  Overlord x4  
  152  27:08  Baneling x3  
  153  27:20  Overseer x2  
  148  27:39  Hatchery  
  147  27:49  Brood Lord  
  147  27:50  Queen x2  
  147  27:51  Queen x2  
  155  27:58  Brood Lord, Extractor  
  158  28:01  Spore Crawler  
  158  28:02  Spore Crawler, Spine Crawler  
  158  28:04  Drone x2, Spore Crawler  
  158  28:05  Drone x3  
  159  28:14  Brood Lord  
  159  28:17  Brood Lord  
  159  28:31  Brood Lord  
  161  28:40  Spore Crawler x2  
  159  28:42  Zergling x10  
  159  28:43  Zergling x2  
  159  28:44  Zergling x6  
  159  28:47  Brood Lord  
  170  28:54  Drone  
  170  28:55  Drone x3  
  174  29:02  Brood Lord  
  174  29:11  Hydralisk  
  174  29:12  Zergling x22  
  183  29:17  Viper  
  183  29:20  Hydralisk  
  183  29:21  Zergling x32  
  190  29:33  Hydralisk  
  191  29:40  Drone  
  191  29:41  Drone  
  191  29:44  Viper  
  196  29:51  Corruptor  
  195  30:01  Spore Crawler  
  195  30:02  Spore Crawler  
  195  30:05  Spore Crawler  
  192  30:30  Spore Crawler  
  192  30:31  Spore Crawler  
  192  30:32  Spore Crawler  
  192  30:33  Corruptor x3  
  195  30:41  Drone x3  
  198  30:44  Baneling x4  
  198  30:48  Overseer  
  198  30:52  Spore Crawler, Corruptor  
  198  30:53  Spore Crawler x2  
  197  31:05  Hydralisk  
  195  31:13  Zergling x18  
  192  31:20  Baneling  
  192  31:21  Baneling x2  
  192  31:24  Drone x2  
  193  31:29  Brood Lord  
  193  31:30  Zerg Flyer Armor Level 3  
  193  31:31  Zerg Ground Armor Level 3  
  195  31:33  Baneling x2  
  195  31:34  Baneling, Zergling x4  
  195  31:35  Zergling x6  
  200  31:44  Spore Crawler, Spine Crawler  
  198  31:47  Spore Crawler  
  197  32:07  Corruptor  
  195  32:27  Viper  
  198  32:39  Corruptor  
  200  32:56  Spore Crawler  
  200  32:57  Spore Crawler  
  198  32:59  Spore Crawler x2  
  198  33:03  Spore Crawler  
  198  33:05  Spore Crawler  
  194  33:14  Drone x3  
  197  33:20  Overseer x2  
  197  33:21  Overseer  
  193  34:12  Brood Lord, Corruptor x2  
  199  34:18  Spore Crawler  
  198  34:30  Corruptor  
  188  34:48  Overlord x3  
  183  34:56  Brood Lord  
  183  34:59  Zergling x8  
  173  35:00  Zergling x8  
  173  35:04  Corruptor  
  167  35:08  Corruptor x12  
  186  35:19  Baneling x2  
  188  35:29  Brood Lord  
  188  35:34  Brood Lord  
  190  35:37  Spore Crawler x2, Corruptor x2  
  190  35:38  Spore Crawler, Corruptor  
  185  35:55  Zergling x8  
  185  35:56  Zergling x12  
  185  36:03  Zergling x12  
  188  36:05  Zergling x16  
  192  36:21  Baneling  
  192  36:22  Baneling x6  
  188  36:27  Hydralisk, Zergling x2  
  188  36:28  Zergling x16  
  188  36:32  Baneling x7  
  161  36:55  Baneling x3  
  161  37:04  Corruptor  
  163  37:14  Zergling x22  
  174  37:20  Baneling x2  
  174  37:21  Baneling  
  163  37:45  Corruptor  
  163  37:48  Corruptor  
  155  37:59  Zergling x14  
  148  38:22  Queen  
  148  38:23  Queen x3  
  156  38:35  Baneling  
  156  38:36  Baneling, Overlord  
  156  38:39  Hydralisk x3  
  156  38:40  Zergling x14  
  167  39:14  Hydralisk Den  
  164  39:18  Hatchery  
  161  39:41  Extractor  
  160  39:47  Extractor  
  152  40:22  Overlord x3  
  152  40:24  Overlord x5  
  148  40:43  Overseer  
  146  41:14  Lair  
  146  41:19  Baneling Nest  
  146  41:21  Spawning Pool  
  144  41:26  Viper x3  
  153  42:25  Baneling x4  
  153  42:43  Queen x2  
  157  43:24  Overlord x5  
  157  43:25  Overlord  
  149  43:46  Spire  
  148  44:05  Hydralisk x7  
  154  44:31  Zergling x6  
  154  44:32  Zergling x2  
  155  45:00  Infestation Pit  
  154  45:15  Queen x2  
  158  46:23  Zergling x14  
  161  48:20  Queen  
  163  48:53  Infestor  
  160  51:07  Infestor  
  156  52:03  Infestor  
Show
View Real Time Build Order
Export as new Build Order

Nina Protoss 

Build Orders: 1 Gate Expand, Oracle Opening, Archon Immortal, Carriers 

Get SALT Encoding   

  12  0:00  Probe  
  13  0:13  Pylon  
  13  0:18  Probe  
  14  0:29  Probe  
  15  0:35  Gateway  
  15  0:37  Probe  
  16  0:45  Probe  
  16  0:46  Assimilator  
  17  0:56  Probe  
  18  1:08  Probe  
  19  1:20  Probe  
  20  1:26  Nexus  
  20  1:35  Cybernetics Core  
  20  1:38  Probe  
  21  1:43  Assimilator  
  21  1:50  Probe  
  22  1:57  Pylon  
  22  2:03  Probe  
  22  2:05  Adept  
  23  2:15  Probe  
  26  2:21  Stargate  
  26  2:26  Adept  
  26  2:27  Probe  
  28  2:37  Warp Gate  
  28  2:39  Probe  
  29  2:45  Probe  
  29  2:46  Gateway  
  30  2:58  Oracle, Probe  
  31  3:00  Adept, Probe  
  34  3:10  Probe  
  38  3:13  Probe  
  39  3:22  Probe  
  39  3:25  Probe  
  39  3:26  Oracle  
  39  3:32  Pylon  
  39  3:34  Probe  
  39  3:37  Probe  
  44  3:41  Pylon  
  44  3:46  Probe  
  45  3:49  Probe  
  45  3:52  Adept  
  48  3:58  Probe  
  48  4:00  Probe  
  50  4:06  Phoenix  
  50  4:08  Probe  
  52  4:10  Probe  
  52  4:11  Assimilator  
  52  4:16  Probe  
  54  4:22  Probe  
  56  4:25  Robotics Facility  
  56  4:28  Probe  
  57  4:34  Probe  
  57  4:35  Pylon  
  58  4:38  Nexus  
  58  4:40  Probe  
  58  4:42  Pylon  
  59  4:46  Assimilator  
  59  4:47  Probe  
  59  4:51  Forge  
  59  4:52  Twilight Council  
  60  4:55  Sentry, Probe  
  60  4:56  Zealot  
  65  5:03  Immortal  
  65  5:04  Shield Battery  
  65  5:07  Probe  
  66  5:09  Probe  
  71  5:17  Sentry  
  71  5:19  Probe  
  74  5:21  Probe  
  74  5:22  Gateway  
  75  5:28  Protoss Ground Weapons Level 1  
  75  5:30  Gateway  
  75  5:31  Probe  
  75  5:33  Probe  
  77  5:39  Charge  
  77  5:43  Probe  
  77  5:44  Immortal  
  78  5:50  Probe  
  78  5:51  Probe  
  78  5:53  Probe  
  85  6:00  Gateway  
  85  6:01  Probe  
  85  6:02  Probe  
  85  6:03  Probe  
  87  6:04  Gateway  
  87  6:07  Sentry  
  87  6:09  Probe  
  90  6:13  Gateway  
  90  6:14  Probe  
  90  6:15  Probe  
  93  6:26  Pylon  
  93  6:32  Immortal  
  93  6:34  Pylon  
  93  6:36  Pylon  
  93  6:41  Gateway, Templar Archives  
  93  6:43  Gateway  
  93  6:44  Probe x3  
  100  6:47  Pylon  
  100  6:49  Assimilator x2  
  100  6:55  Gateway  
  100  6:57  Gateway  
  102  7:06  Immortal  
  100  7:14  Pylon  
  104  7:17  Psionic Storm  
  104  7:22  High Templar x2  
  108  7:28  High Templar  
  110  7:30  Zealot x4  
  110  7:35  Immortal  
  118  7:42  Photon Cannon, High Templar  
  118  7:43  Protoss Ground Weapons Level 2  
  118  7:44  Pylon  
  124  7:51  Nexus  
  124  7:52  Photon Cannon  
  124  7:56  Pylon  
  124  8:01  Pylon  
  124  8:03  Pylon  
  124  8:06  High Templar  
  124  8:09  Observer  
  126  8:13  Photon Cannon  
  127  8:20  Shield Battery  
  127  8:22  Shield Battery  
  127  8:24  Photon Cannon  
  127  8:25  Photon Cannon  
  127  8:26  High Templar  
  129  8:27  High Templar, Zealot x5  
  129  8:28  Zealot x2  
  129  8:33  Archon, Pylon  
  145  8:37  Zealot  
  145  8:40  Zealot  
  149  8:50  Fleet Beacon  
  149  8:51  Warp Prism  
  149  8:56  High Templar  
  149  8:57  High Templar  
  149  8:59  Assimilator  
  149  9:00  Zealot  
  155  9:03  Assimilator  
  155  9:07  Photon Cannon  
  155  9:14  Archon  
  153  9:18  High Templar  
  153  9:21  Zealot x6  
  153  9:23  Probe x3  
  168  9:34  Stargate  
  168  9:36  Stargate  
  156  9:47  Protoss Air Weapons Level 1  
  140  10:04  Carrier  
  144  10:09  Stargate  
  137  10:15  Probe  
  137  10:20  Zealot x4  
  131  10:21  Carrier x2  
  131  10:24  Zealot x3  
  137  10:30  Probe x3  
  137  10:33  Probe  
  153  10:39  High Templar  
  153  10:40  High Templar  
  153  10:42  Probe x2  
  158  10:43  Probe  
  158  10:44  Archon  
  158  10:46  Probe  
  158  10:49  Shield Battery  
  161  10:53  High Templar  
  161  10:54  High Templar, Probe  
  161  10:55  Probe x2  
  166  10:57  Archon  
  166  10:58  Probe  
  167  11:06  Probe  
  167  11:07  Probe  
  169  11:13  Protoss Ground Weapons Level 3  
  169  11:14  Pylon  
  158  11:28  Carrier  
  158  11:30  Zealot x5  
  155  11:32  Carrier  
  161  11:42  Observer  
  161  11:43  Probe  
  161  11:45  High Templar  
  161  11:46  Probe x2  
  165  11:53  Probe  
  166  11:56  Shield Battery  
  166  11:59  High Templar, Shield Battery  
  166  12:00  Photon Cannon  
  168  12:03  Photon Cannon  
  168  12:13  High Templar  
  168  12:15  High Templar  
  172  12:20  Zealot x7  
  186  12:24  Protoss Air Weapons Level 2  
  178  12:30  Carrier  
  172  12:40  High Templar x2  
  176  12:49  Archon  
  176  12:50  Carrier  
  178  12:55  Zealot x2  
  178  12:56  Zealot x3  
  178  13:07  Photon Cannon, High Templar x2  
  178  13:08  Gateway  
  178  13:09  Pylon  
  178  13:11  Carrier  
  178  13:12  Archon  
  182  13:13  Observer  
  182  13:15  Pylon  
  182  13:17  Pylon  
  179  13:27  Zealot  
  179  13:30  Stalker x2  
  179  13:31  Stalker x2  
  181  13:46  Carrier  
  181  13:55  High Templar  
  181  14:03  Nexus  
  181  14:07  Pylon  
  181  14:10  High Templar  
  181  14:11  Carrier  
  189  14:20  Carrier  
  189  14:22  Pylon  
  195  14:34  Zealot x2  
  199  14:43  Carrier  
  194  14:50  Carrier  
  196  14:59  Nexus  
  196  15:02  Shield Battery  
  196  15:05  Protoss Air Weapons Level 3  
  196  15:06  Shield Battery  
  196  15:09  Protoss Shields Level 1  
  196  15:13  Photon Cannon, Shield Battery  
  196  15:15  Photon Cannon  
  196  15:16  Photon Cannon  
  196  15:26  Photon Cannon  
  196  15:28  Pylon  
  196  15:33  Unknown  
  196  15:40  High Templar x2  
  200  15:45  Photon Cannon, Pylon  
  195  16:36  Warp Prism  
  193  16:40  Nexus  
  193  16:41  Tempest  
  198  17:06  Tempest x2  
  198  17:07  Tempest  
  194  17:13  Protoss Shields Level 2  
  194  17:20  Pylon  
  194  17:22  Pylon  
  194  17:29  Blink  
  194  17:34  Tempest  
  199  17:40  Shield Battery  
  199  17:42  Shield Battery  
  199  17:43  Photon Cannon  
  199  17:44  Photon Cannon  
  199  17:46  Photon Cannon  
  197  18:02  Dark Shrine  
  197  18:04  Photon Cannon  
  197  18:12  Assimilator  
  197  18:13  Photon Cannon, Assimilator  
  197  18:14  Protoss Air Armor Level 1  
  197  18:18  Photon Cannon  
  197  18:19  Photon Cannon  
  197  18:21  Shield Battery  
  197  18:22  Gateway, Pylon  
  197  18:25  Oracle  
  198  18:45  Tempest  
  198  18:46  Tempest  
  192  18:57  Zealot x4  
  188  19:30  Carrier x3  
  192  19:33  High Templar  
  192  19:34  High Templar  
  192  19:36  High Templar x2  
  198  19:43  Archon, Observer  
  199  20:02  Nexus  
  199  20:03  Pylon  
  199  20:06  Pylon  
  199  20:16  Tempest  
  183  20:37  High Templar x2  
  183  20:39  Tempest  
  183  20:40  Tempest  
  197  20:43  High Templar  
  197  20:46  Shield Battery  
  197  20:48  Shield Battery  
  199  20:50  Photon Cannon  
  199  20:51  Photon Cannon  
  199  20:53  Photon Cannon  
  199  20:55  Photon Cannon, Dark Templar  
  199  20:57  Photon Cannon  
  199  20:59  Shield Battery  
  199  21:03  Pylon  
  198  21:10  Assimilator  
  198  21:15  Assimilator  
  198  21:46  Gateway  
  198  21:47  Gateway x2  
  198  22:51  Tempest x2  
  184  22:52  Carrier  
  195  23:00  Oracle  
  196  23:19  High Templar  
  192  23:23  High Templar  
  194  23:35  Gateway  
  194  23:38  Gateway  
  194  23:41  Stargate  
  194  23:45  Stargate  
  192  23:58  Observer  
  186  24:38  Stalker x8  
  177  24:39  Stalker  
  177  24:41  Stalker x5  
  173  25:13  Stalker x2  
  173  25:14  Stalker x8  
  134  25:23  Stalker x3  
  134  25:24  Stalker x4  
  128  25:30  Carrier x2  
  131  25:46  Zealot x8  
  131  25:47  Zealot x6  
  152  25:55  Archon  
  152  25:56  Stalker x3  
  142  26:03  Carrier  
  140  26:05  Carrier  
  140  26:09  Zealot x3  
  140  26:10  Zealot x5  
  160  26:14  High Templar x5  
  168  26:20  High Templar  
  168  26:22  Observer  
  168  26:24  Carrier  
  171  26:32  High Templar x9  
  173  26:34  Carrier  
  183  26:44  Archon x3  
  183  26:45  Archon  
  169  26:54  Dark Templar x3  
  173  26:55  Carrier  
  173  26:56  Zealot  
  173  26:57  Carrier, Zealot x4  
  197  27:23  Protoss Air Armor Level 2  
  197  27:34  Carrier  
  187  27:43  Carrier  
  197  27:49  Pylon  
  197  27:56  Nexus  
  197  27:57  Dark Templar  
  199  28:04  Pylon  
  199  28:15  Assimilator  
  199  28:19  Shield Battery  
  197  28:21  Photon Cannon, Oracle, Shield Battery  
  197  28:22  Photon Cannon  
  194  28:37  Oracle  
  194  28:39  Shield Battery  
  197  28:42  Photon Cannon, Zealot  
  197  28:46  Photon Cannon  
  197  28:47  Shield Battery  
  197  28:48  Pylon  
  199  28:51  Observer  
  188  29:33  Zealot x8  
  193  29:42  Assimilator, Zealot x3  
  189  30:03  Tempest x2  
  197  30:13  High Templar  
  197  30:14  High Templar  
  191  30:22  Zealot x4  
  198  30:39  Shield Battery  
  198  30:42  Photon Cannon x2  
  198  31:02  Tempest  
  197  31:05  Tempest  
  192  31:13  Archon  
  192  31:14  Zealot x6  
  184  31:20  High Templar  
  184  31:21  High Templar  
  184  31:22  Zealot x6  
  196  31:44  High Templar  
  195  31:47  Observer  
  195  31:49  Oracle  
  183  32:24  Tempest x2  
  193  32:34  Observer  
  193  32:37  Tempest  
  196  33:12  Protoss Shields Level 3  
  196  33:29  Oracle  
  193  33:35  Protoss Air Armor Level 3  
  176  34:32  Carrier x2  
  176  34:36  Zealot x6  
  178  34:59  Carrier x2  
  161  35:12  Zealot x9  
  161  35:13  Zealot x8  
  186  35:31  Observer  
  187  35:35  Zealot x2  
  187  35:36  Zealot x4  
  181  35:54  Zealot x8  
  181  35:55  Zealot x3  
  182  35:57  Zealot x5  
  182  36:00  Zealot  
  169  36:19  Warp Prism  
  168  36:29  Zealot x12  
  168  36:30  Zealot x4  
  166  36:50  Tempest x2  
  132  36:54  Tempest  
  132  36:58  Zealot x11  
  132  36:59  Zealot x6  
  181  37:08  Void Ray  
  181  37:18  Unknown  
  185  37:26  High Templar  
  185  37:27  High Templar x3  
  193  37:30  Archon  
  193  37:31  Archon  
  193  37:32  Zealot x2  
  193  37:33  Zealot x2  
  187  38:00  Stalker x4  
  187  38:01  Stalker x2  
  185  38:08  Stalker x4  
  163  38:20  Stalker x7  
  163  38:25  Void Ray  
  163  38:26  Zealot x5  
  186  38:31  Zealot x5  
  156  45:33  Observer  
  152  46:54  Observer  
  139  48:05  Observer  
  139  48:39  Observer  
  139  48:44  Observer  
Tags
 
Add a new tag
Caveats
  • Supply blocks, unpowered buildings, or Contaminate may cause inaccurate times.
  • Supply counts are checked every 10 seconds.